 Dungeon Crawl Stone Soup version 0.28-a0-983-g1de4e0787c (webtiles) character file.

Game seed: 4103969497425315069

1841 freelancePsychic the Carver (level 8, -6/69 (74) HPs)
             Began as a Minotaur Chaos Knight on Dec 2, 2021.
             Was a Plaything of Xom.
             Mangled by a wight (10 damage)
             ... on level 6 of the Dungeon.
             The game lasted 00:11:02 (5369 turns).

freelancePsychic the Carver (Minotaur Chaos Knight) Turns: 5369, Time: 00:11:02

HP:   -6/69 (74)    AC: 12    Str: 25    XL:     8   Next: 87%
MP:   7/7           EV:  8    Int:  9    God:    Xom [.*....]
Gold: 295           SH:  0    Dex: 12    Spells: 7/7 levels left

rFire   + . .      SeeInvis +   a - +2 double sword (vamp)
rCold   . . .      Faith    .   (no shield)
rNeg    . . .      Spirit   .   e - +0 chain mail
rPois   .          Reflect  .   (helmet restricted)
rElec   .          Harm     .   q - +0 cloak
rCorr   .          Rampage  .   (no gloves)
Will    .....                   F - +0 pair of boots
Stlth   ..........              (no amulet)
HPRegen 0.21/turn               m - +6 ring of strength
MPRegen 0.10/turn               p - ring of protection from fire

@: brilliant, drained, unable to read
A: horns 2, retaliatory headbutt, see invisible, agile 1, inability to read
while threatened
a: Renounce Religion


You were on level 6 of the Dungeon.
You worshipped Xom.
You were a plaything of Xom.
You visited 1 branch of the dungeon, and saw 6 of its levels.

You collected 295 gold pieces.

Inventory:

Hand Weapons
 a - a +2 vampiric double sword (weapon)
 b - a +0 hunting sling
Missiles
 s - 42 sling bullets
 u - 40 poisoned darts (quivered)
 v - 15 stones
 C - 2 boomerangs
 E - 3 javelins
Armour
 e - a +0 chain mail (worn)
 q - a +0 cloak (worn)
 F - a +0 pair of boots (worn)
Jewellery
 m - a +6 ring of strength (left hand)
 p - a ring of protection from fire (right hand)
 B - a ring of ice
 H - the ring of Vuelun {rN+ Int+3}
   (Xom gifted it to you on level 6 of the Dungeon)

   [ring of positive energy]

   Int:       It affects your intelligence (+3).
   rN:        It protects you from negative energy.
 J - a +4 ring of evasion
Wands
 l - a wand of polymorph (12)
 t - a wand of flame (39)
 y - a wand of iceblast (8)
 z - a wand of acid (7)
 D - a wand of paralysis (5)
Scrolls
 d - 3 scrolls of fog
 f - a scroll of enchant armour
 g - a scroll of brand weapon
 n - a scroll of blinking
 o - 2 scrolls of teleportation {@r4}
 A - a scroll of summoning {unknown}
 G - 2 scrolls of identify {@r1}
 I - a scroll of enchant weapon
Potions
 c - a potion of brilliance
 h - 4 potions of curing {unknown}
 i - 2 potions of invisibility {unknown}
 j - 5 potions of flight {unknown}
 k - 2 potions of heal wounds {unknown}
 r - 2 potions of resistance {unknown}
 w - 2 potions of mutation {unknown}
 x - a potion of might {unknown}


   Skills:
 + Level 7.8 Fighting
 * Level 9.6 Long Blades
 - Level 3.8 Maces & Flails
 + Level 4.3 Throwing
 - Level 4.7 Armour
 - Level 1.1 Dodging


You had 7 spell levels left.
You didn't know any spells.
Your spell library contained the following spells:

 Spells                   Type           Power      Damage    Failure   Level
 Sting                    Tmut/Pois      0%         1d3       95%         1
 Summon Small Mammal      Summ           0%         N/A       95%         1
 Poisonous Vapours        Pois/Air       0%         N/A       98%         2
 Call Canine Familiar     Summ           0%         N/A       100%        3
 Summon Guardian Golem    Hex/Summ       0%         N/A       100%        3
 Airstrike                Air            0%         N/A       100%        4
 Olgreb's Toxic Radiance  Pois           0%         N/A       100%        4
 Summon Lightning Spire   Summ/Air       0%         N/A       100%        4
 Lightning Bolt           Conj/Air       0%         1d11      100%        5


Dungeon Overview and Level Annotations

Branches:
Dungeon (6/15)             Temple (0/1) D:4

Altars:
Xom

Annotations:
D:3 3 runed translucent doors, ragingrage's ghost, amateur MfGl


Innate Abilities, Weirdness & Mutations

You have a pair of horns on your head.
You reflexively headbutt those who attack you in melee.
You have supernaturally acute eyesight. (SInv)
You are agile. (Dex +2)
You sometimes lose the ability to read scrolls when taking damage.


Message History

The adder bites you but does no damage. The adder bites you but does no damage.
There is an open door here.
You slice the adder!!
You kill the adder!
You hit the bullfrog skeleton. You headbutt the bullfrog skeleton.
The bullfrog skeleton is heavily damaged.
The bullfrog skeleton hits you but does no damage.
Your chain mail prevents you from hitting the bullfrog skeleton.
The bullfrog skeleton is heavily damaged.
The bullfrog skeleton closely misses you.
The wight barely misses you.
Your chain mail prevents you from hitting the bullfrog skeleton.
You headbutt the bullfrog skeleton, but do no damage.
The bullfrog skeleton is heavily damaged.
The bullfrog skeleton hits you.
The wight hits you from afar with a +3 halberd!
You feel drained.
The bullfrog skeleton hits you but does no damage.
You slash the bullfrog skeleton!
The bullfrog skeleton is severely damaged.
The wight barely misses you. The bullfrog skeleton hits you.
You slash the bullfrog skeleton!
You destroy the bullfrog skeleton! "This might be better!"
The wight seems to grow stronger.
The wight hits you from afar with a +3 halberd!
You feel threatened and lose the ability to read scrolls!
You feel drained. The wight hits you with a +3 halberd!
You hit the wight but do no damage. The wight completely misses you.
You slash the wight!
The wight is heavily damaged.
The wight hits you with a +3 halberd!!
* * * LOW HITPOINT WARNING * * *
You cannot read scrolls in your current state!
It was a potion of brilliance.
You feel clever all of a sudden. The wight hits you with a +3 halberd!
You die...

#.# #..####.######...####
##.###.......# ##.##
##.......####>#######.#
##.....##.###.......##.#
#..............####.##.#
#.........###### #.#
#.........# #.#
##....##.##### ######
##...#...'@.# #..##.+
#.###..###z## ##...##..##
#.#####..#..# =#z.##.#..#
#.#.##..###.##...##.#..###
##.#.####..#..#..##.#.....#
#.[#)#.#..###...##.#..#..##
#.##.#.###..#..##.#..#.##..
#.##.#..#..#####.#..#.##..#
#.##.##.###..##.#..#.#####.


You could see a wight (strong).

Vanquished Creatures
  A blink frog (D:6)
  Menkaure (D:6)
  A sky beast (D:6)
  2 necrophages (D:6)
  2 ogres
  A phantom (D:5)
  3 scorpions
  2 bullfrog zombies
  2 centaur zombies (D:5)
  2 jellies (D:6)
  A bullfrog skeleton (D:6)
  3 hounds
  A centaur skeleton (D:4)
  A gnoll shaman (D:4)
  An iguana (D:5)
  Ijyb (D:5)
  4 orc wizards
  Robin (D:4)
  10 gnolls
  2 howler monkey skeletons
  11 adders
  A white imp (D:6)
  3 worms
  4 dart slugs
  9 orcs
  5 ball pythons
  5 endoplasms
  12 goblins
  6 hobgoblins
  2 jackals (D:3)
  6 kobolds
  2 quokkas
  3 bats
  3 frilled lizards (D:2)
114 creatures vanquished.

Notes
Turn   | Place    | Note
-------+----------+-------------------------------------------
     0 | D:1      | freelancePsychic the Minotaur Chaos Knight began the quest
                  | for the Orb.
     0 | D:1      | Reached XP level 1. HP: 19/19 MP: 0/0
    60 | D:1      | XOM: divination: detect items
   131 | D:1      | Found a faded altar of an unknown god.
   265 | D:1      | Identified a scroll of acquirement
   265 | D:1      | Acquired a +1 vampiric double sword
   506 | D:1      | Reached skill level 1 in Long Blades
   506 | D:1      | Reached XP level 2. HP: 27/27 MP: 1/1
   719 | D:2      | XOM: silly message
   837 | D:2      | Reached skill level 2 in Long Blades
   837 | D:2      | Reached XP level 3. HP: 33/33 MP: 2/2
   887 | D:2      | XOM: silly message
  1592 | D:3      | Reached XP level 4. HP: 41/41 MP: 3/3
  1611 | D:3      | Reached skill level 3 in Long Blades
  1774 | D:3      | XOM: smoke on damage
  1781 | D:3      | Reached XP level 5. HP: 40/47 MP: 4/4
  1857 | D:3      | Reached skill level 4 in Long Blades
  2324 | D:3      | Found a runed translucent gate.
  2324 | D:3      | Found a runed translucent gate.
  2324 | D:3      | Found a runed translucent gate.
  2324 | D:3      | Noticed ragingrage's ghost (amateur MfGl)
  2472 | D:4      | Found a staircase to the Ecumenical Temple.
  2590 | D:4      | XOM: repel stairs
  2592 | D:4      | Reached skill level 5 in Fighting
  2719 | D:4      | Identified the +4 leather armour of the Catamount {rF+
                  | rN++}
  2734 | D:4      | XOM: summons 1 hostile demon
  2737 | D:4      | XOM: silly message
  2751 | D:4      | Noticed Robin
  2763 | D:4      | Killed Robin
  2774 | D:4      | Reached XP level 6. HP: 26/56 MP: 5/5
  2901 | D:4      | Reached skill level 5 in Long Blades
  2938 | D:4      | XOM is BORED!
  2938 | D:4      | XOM: stat loss: -3 Int (6/9)
  3033 | D:4      | XOM: 2-stop teleportation journey
  3184 | D:4      | XOM: give mutations
  3184 | D:4      | Gained mutation: You sometimes lose the ability to read
                  | scrolls when taking damage. [Xom's mischief]
  3184 | D:4      | Gained mutation: You have supernaturally acute eyesight.
                  | (SInv) [Xom's mischief]
  3271 | D:5      | Entered Level 5 of the Dungeon
  3304 | D:5      | XOM: noise
  3310 | D:5      | Reached skill level 6 in Long Blades
  3310 | D:5      | Reached XP level 7. HP: 58/62 MP: 6/6
  3315 | D:5      | XOM: summons 2 hostile shadow creatures
  3320 | D:5      | XOM: butterfly on damage
  3328 | D:5      | XOM: smoke on damage
  3482 | D:5      | XOM: god gift: 60 gold pieces
  3555 | D:5      | XOM: give mutation
  3555 | D:5      | Gained mutation: You are agile. (Dex +2) [Xom's grace]
  3577 | D:5      | Reached skill level 1 in Throwing
  3626 | D:5      | Noticed Ijyb
  3640 | D:5      | Killed Ijyb
  4039 | D:5      | Reached skill level 7 in Long Blades
  4258 | D:6      | Reached XP level 8. HP: 71/71 MP: 7/7
  4358 | D:6      | Identified the +8 long sword of the Extremes {vorpal,
                  | Str+2}
  4470 | D:6      | XOM: stat loss: -1 Dex (11/12)
  4502 | D:6      | Reached skill level 8 in Long Blades
  4504 | D:6      | Noticed a blink frog
  4504 | D:6      | a sky beast changed into a blink frog
  4504 | D:6      | XOM: polymorph sky beast -> blink frog
  4505 | D:6      | XOM: blink monster(s)
  4512 | D:6      | XOM: fake destruction
  4518 | D:6      | XOM: scenery: create altars
  4521 | D:6      | Killed a blink frog
  4727 | D:6      | Noticed Menkaure
  4805 | D:6      | Reached skill level 9 in Long Blades
  4852 | D:6      | Killed Menkaure
  4914 | D:6      | XOM: cloud trail
  5016 | D:6      | Identified the ring of Vuelun {rN+ Int+3} (Xom gifted it to
                  | you on level 6 of the Dungeon)
  5016 | D:6      | XOM: god gift: ring of Vuelun {rN+ Int+3}
  5365 | D:6      | XOM: enchant monster (bad)
  5369 | D:6      | Mangled by a wight

Illustrated notes

Levels and vault maps discovered:
D:1:      saegor_arrival_simple_a, layout_loops_cross,
          ebering_ecumenical_altar_abandoned
D:2:      layout_basic
D:3:      layout_loops_ring, ebering_ghost_rock_garden, serial_park_tiny_2
D:4:      layout_gridville, minmay_temple_entry_nine_rooms, uniq_robin
D:5:      layout_basic, minmay_misc_feat_chi, minivault_24, uniq_ijyb
D:6:      minmay_razor_zed, layout_loops_ring, uniq_menkaure

Skill      XL: |  1  2  3  4  5  6  7  8 |
---------------+-------------------------+-----
Long Blades    | 1 2 3 4 6 7 9 |  9.6
Fighting       | 4 5 6 7 |  7.8
Armour         | 3 4 |  4.7
Throwing       | 2 4 |  4.3
Maces & Flails | |  3.8
Dodging        | |  1.1

Action                   |  1- 3 |  4- 6 |  7- 9 || total
-------------------------+-------+-------+-------++-------
Melee: Mace              |     7 |       |       ||     7
       Double sword      |    61 |   102 |   103 ||   266
       Headbutt          |     7 |    20 |    27 ||    54
 Fire: Hunting sling     |       |     1 |    17 ||    18
Throw: Dart              |       |       |    13 ||    13
  Use: Scroll            |     4 |     5 |       ||     9
       Potion            |       |       |     1 ||     1
Armor: Leather armour    |     3 |       |       ||     3
       Chain mail        |    35 |   102 |    36 ||   173
Dodge: Dodged            |    30 |    64 |    34 ||   128

Table legend: (Time is in decaauts)
 A = Elapsed time spent in this place.
 B = Non-inter-level travel time spent in this place.
 C = Inter-level travel time spent in this place.
 D = Time resting spent in this place.
 E = Time spent auto-exploring this place.
 F = Levels seen in this place.
 G = Mean time per level.
                   A        B        C        D        E       F      G
               +--------+--------+--------+--------+--------+-----+--------+
         Total |   5426 |   5289 |    137 |     16 |   4391 |   6 |  904.3 |
       Dungeon |   5426 |   5289 |    137 |     16 |   4391 |   6 |  904.3 |
               +--------+--------+--------+--------+--------+-----+--------+

Top non-repeatable levels by time:
     D:6: 1160 daAuts
     D:5: 947 daAuts
     D:4: 932 daAuts
     D:3: 884 daAuts
     D:2: 865 daAuts
     D:1: 637 daAuts
